 Dungeon Crawl Stone Soup version 0.31-a0-516-gfcb59812bd (webtiles) character file.

Game seed: 16535272182699277129

53998 GordonOverkill the Brawler (level 14, -5/69 HPs)
             Began as a Vine Stalker Delver on Aug 10, 2023.
             Was a High Priest of Hepliaklqana.
             Slain by a reaper
             ... wielding a +1 scythe of freezing
              (27 damage)
             ... in an ice cave.
             The game lasted 00:32:57 (15496 turns).

GordonOverkill the Brawler (Vine Stalker Delver)   Turns: 15496, Time: 00:32:57

Health: -5/69      AC: 31    Str: 20    XL:     14   Next: 70%
Magic:  0/17       EV:  6    Int: 10    God:    Hepliaklqana [*****.]
Gold:   2275       SH:  7    Dex: 26    Spells: 13/13 levels left

rFire   + +          .
                       - Unarmed
rCold   + + .        s - +0 buckler
rNeg    . . .        M - +15 plate armour of the Blessed Realm {rElec Will- Regen+ Dex+4}
rPois   .            i - +1 hat
rElec   +            d - scarf {rC+ rF+}
rCorr   +            L - +2 pair of gloves
SInv    .            (no boots)
Will    .....        e - amulet of regeneration Stlth
                     j - ring "Ajuenaby" {Contam rF+ rCorr Dex+6 Slay+3}
HPRegen 2.71/turn    Y - ring of protection from cold
MPRegen 0.15/turn

%: guardian spirit
@: no status effects
A: reduced essence, fangs 3, regeneration 1, magic shield, antimagic bite, no
potion heal 2
a: Renounce Religion, Recall Ancestor, Ancestor Identity, Transference, Idealise


You were in an ice cave.
You worshipped Hepliaklqana.
Hepliaklqana was extremely pleased with you.
You visited 3 branches of the dungeon, and saw 18 of its levels.
You also visited: Sewer and Ice Cave.

You collected 2947 gold pieces.
You spent 672 gold pieces at shops.

Inventory:

Missiles
 l - 45 poisoned darts
 q - 3 boomerangs (quivered)
 G - a throwing net
Armour
 d - a scarf of resistance (worn)
 i - a +1 hat (worn)
 s - a +0 buckler (worn)
 L - a +2 pair of gloves (worn)
 M - the +15 plate armour of the Blessed Realm (worn) {rElec Will- Regen+ Dex+4}
   (You bought it in a shop on level 6 of the Dungeon)

   Dex+4:     It affects your dexterity (+4).
   rElec:     It insulates you from electricity.
   Will-:     It decreases your willpower.
   Regen+:    It increases your rate of health regeneration.
Jewellery
 e - an amulet of regeneration (around neck)
 g - a +5 ring of evasion
 h - an amulet of reflection
 j - the ring "Ajuenaby" (left hand) {Contam rF+ rCorr Dex+6 Slay+3}
   (You acquired it on level 3 of the Lair of Beasts)

   [ring of resist corrosion]

   Dex+6:     It affects your dexterity (+6).
   Slay+3:    It affects your accuracy & damage with ranged weapons and melee
   (+3).
   rF+:       It protects you from fire.
   Contam:    It causes magical contamination when unequipped.
   rCorr:     It protects you from acid and corrosion.
 F - a ring of flight
 O - a ring of ice
 Y - a ring of protection from cold (right hand)
Talismans
 S - a granite talisman
 X - a blade talisman
Wands
 f - a wand of digging (10)
 x - a wand of polymorph (3)
 E - a wand of flame (18)
 H - a wand of iceblast (19)
 N - a wand of light (3)
 R - a wand of mindburst (13)
Scrolls
 a - a scroll of identify
 b - 3 scrolls of fog
 k - 5 scrolls of revelation
 n - 7 scrolls of teleportation
 o - a scroll of butterflies {unknown}
 p - a scroll of poison
 u - 2 scrolls of immolation {unknown}
 y - a scroll of fear
 z - a scroll of vulnerability {unknown}
 A - 3 scrolls of blinking {unknown}
 B - 2 scrolls of amnesia {unknown}
 D - a scroll of silence {unknown}
 Q - a scroll of noise {unknown}
 U - 4 scrolls of enchant armour {unknown}
Potions
 c - 2 potions of curing
 m - a potion of might
 r - 4 potions of haste
 v - 3 potions of invisibility
 w - 2 potions of magic
 C - 2 potions of mutation {unknown}
 J - 2 potions of attraction {unknown}
 K - 2 potions of lignification {unknown}
 P - 2 potions of enlightenment
 V - a potion of brilliance
Miscellaneous
 Z - a lightning rod (4/4)


   Skills:
 + Level 10.3 Fighting
 - Level 5.0 Armour
 - Level 1.5 Dodging
 - Level 6.0 Stealth
 - Level 6.0 Shields
 + Level 15.2 Unarmed Combat
 - Level 3.0 Invocations
 - Level 3.0 Evocations
 + Level 14.5 Shapeshifting


You had 13 spell levels left.
You didn't know any spells.
Your spell library contained the following spells:

 Spells                   Type           Power      Damage    Failure   Level
 Apportation              Tloc           0%         N/A       100%        1
 Freeze                   Ice            0%         1d3       100%        1
 Magic Dart               Conj           0%         1d3       100%        1
 Blink                    Tloc           0%         N/A       100%        2
 Call Imp                 Summ           0%         N/A       100%        2
 Lesser Beckoning         Tloc           0%         N/A       100%        2
 Momentum Strike          Conj/Tloc      0%         3d8       100%        2
 Scorch                   Fire           0%         2d5       100%        2
 Wereblood                Tmut           0%         N/A       100%        2
 Frozen Ramparts          Ice            0%         1d1       100%        3
 Gell's Gravitas          Tloc           0%         N/A       100%        3
 Hailstorm                Conj/Ice       0%         3d3       100%        3
 Mephitic Cloud           Conj/Pois/Air  0%         N/A       100%        3
 Summon Guardian Golem    Hex/Summ       0%         N/A       100%        3
 Teleport Other           Tloc           0%         N/A       100%        3
 Anguish                  Hex/Necr       0%         N/A       100%        4
 Animate Dead             Necr           0%         N/A       100%        4
 Cause Fear               Hex            0%         N/A       100%        4
 Flame Wave               Conj/Fire      0%         2d4       100%        4
 Manifold Assault         Tloc           0%         N/A       100%        4
 Alistair's Intoxication  Tmut/Pois      0%         N/A       100%        5
 Irradiate                Conj/Tmut      0%         3d11      100%        5
 Dispersal                Tloc           0%         N/A       100%        6
 Summon Cactus Giant      Summ           0%         N/A       100%        6
 Enfeeble                 Hex            0%         N/A       100%        7
 Haunt                    Necr/Summ      0%         N/A       100%        7
 Orb of Destruction       Conj           0%         9d5       100%        7
 Spellforged Servitor     Conj/Summ      0%         N/A       100%        7
 Infestation              Necr           0%         N/A       100%        8


Dungeon Overview and Level Annotations

Branches:
Dungeon (12/15)            Temple (1/1) D:4            Lair (5/5) D:11
 Shoals (0/4) Lair:2        Snake (0/4) Lair:3        Slime (0/5) Lair:5
    Orc (0/2) D:9           Sewer (visited)           IceCv (1/1)

Altars:
Ashenzari
Cheibriados
Dithmenos
Elyvilon
Fedhas
Gozag
Hepliaklqana
Kikubaaqudgha
Makhleb
Nemelex Xobeh
Okawaru
Qazlal
Ru
Sif Muna
Trog
Uskayaw
Vehumet
Wu Jian
Xom
Yredelemnul
Zin
The Shining One
Jiyva

Shops:
D:5 [   D:6 :[**

Portals:
Abyss: Lair:5

Annotations:
D:11 3 runed translucent doors, Loefaen's ghost, journeyman MfBe
Lair:4 3 runed translucent doors, Uluorr's ghost, journeyman VSCj
Lair:5 2 transporters, blacky4's ghost, journeyman HOFi


Innate Abilities, Weirdness & Mutations

Your life essence is reduced to manifest your ancestor. (-10% HP)
You have razor-sharp teeth.
Your natural rate of healing is unusually fast.
When hurt, damage is shared between your health and your magic reserves.
Your bite disrupts and absorbs the magic of your enemies.
Potions cannot restore your health.


Message History

The reaper hits you from afar with a +1 scythe of freezing!!
The reaper freezes you.
You hear a shout!
A death yak simulacrum comes into view.
The reaper hits you with a +1 scythe of freezing!
* * * LOW HITPOINT WARNING * * *
The reaper freezes you.
The reaper hits you with a +1 scythe of freezing!
* * * LOW HITPOINT WARNING * * *
The reaper freezes you.
* * * LOW HITPOINT WARNING * * *
Aiming: Bolt of Light
Press: ? - help, Shift-Dir - straight line, f - reaper
Aim: a reaper, wielding a +1 scythe of freezing, wearing a +1 robe of cold resistance and wearing a ring of protection from cold (ally target, 74% to hit)
The bolt of light hits the reaper.
The reaper is lightly wounded.
The reaper is blinded.
The reaper barely misses you.
You strike the helpless reaper from behind!
You pummel the reaper!!
The reaper is moderately wounded.
The reaper shouts, "Death awaits you!" The reaper completely misses you.
A white imp comes into view.
Kleine Eule closely misses the reaper.
You catch the helpless reaper completely off-guard!
You punch the reaper! Your bite misses the reaper.
The reaper is heavily wounded.
The reaper hits you with a +1 scythe of freezing!!
* * * LOW HITPOINT WARNING * * *
The reaper freezes you.
* * * LOW HITPOINT WARNING * * *
You catch the helpless reaper completely off-guard!
You punch the reaper!
The reaper is severely wounded.
Kleine Eule hits the reaper with a +0 flail.
You strike the helpless reaper from behind!
You punch the reaper!
The reaper is almost dead.
The reaper hits you with a +1 scythe of freezing!!
You die...

..## =.# .## #. .#
##. .# # #..### #
.#
##.##..#.#..#.#.##
.# #°○#.
........#.)# .#
#°○○..#......R2.}#
## #.°.#...####Z@#
## #°°○#.§§°§§...#
.# #.#.# §☼#☼§..##
.###...###§§#○..#
.##§.....##.#..##
##.○#.....#.#..#
#○§###.......###
.°○# #........#
..## ##.......#


You could see the friendly Kleine Eule the knight, a reaper (blind, ally target)
and a death yak simulacrum.

Vanquished Creatures
  Josephine (Lair:3)
  Snorg (D:11)
  3 hydras
  Fannar (D:11)
  3 two-headed ogres
  A catoblepas (Lair:5)
  9 death yaks
  2 boulder beetles
  A skyshark (Lair:5)
  2 manticores
  2 ice statues (IceCv)
  3 black mambas
  9 cane toads
  2 torpor snails
  6 ice devils (IceCv)
  A kobold demonologist (D:8)
  12 komodo dragons
  3 rime drakes
  An anaconda simulacrum (IceCv)
  2 trolls
  A meliai (D:12)
  11 polar bears
  Grinder (D:6)
  13 blink frogs
  A slime creature (D:7)
  A vampire (D:7)
  49 yaks
  2 basilisks (Lair:2)
  A steam dragon (D:6)
  2 death yak simulacra (D:12)
  3 harpy simulacra (IceCv)
  8 wargs
  8 water moccasins
  10 hell hounds (Lair:5)
  An orc warrior (D:11)
  A sky beast (D:7)
  2 ice beasts
  10 black bears
  An ogre (D:6)
  12 wolves (Lair:5)
  A centaur (D:8)
  3 kobold brigands
  3 bullfrogs
  2 cane toad simulacra (D:12)
  2 two-headed ogre simulacra
  2 scorpions
  11 wights
  6 killer bees (D:9)
  An elephant simulacrum (IceCv)
  2 howler monkeys (D:7)
  6 jellies
  3 hounds
  5 orc priests
  3 iguanas
  4 orc wizards
  10 hell rats
  A polar bear simulacrum (IceCv)
  2 spriggan simulacra (IceCv)
  A wolf simulacrum (D:12)
  8 gnolls
  18 adders
  4 naga simulacra
  6 river rats
  A white imp (IceCv)
  5 ufetubi
  2 worms
  3 dart slugs
  16 orcs
  12 ball pythons
  3 bats
  14 endoplasms
  4 giant cockroaches
  5 goblins
  11 hobgoblins
  15 jackals
  15 kobolds
  5 quokkas
  12 frilled lizards
  11 rats
441 creatures vanquished.

Vanquished Creatures (collateral kills)
  A manticore (D:11)
  A cyclops (D:11)
  3 black mambas
  2 cane toads (Lair:2)
  2 torpor snails
  A rime drake (Lair:5)
  2 komodo dragons (Lair:1)
  A polar bear (Lair:5)
  A wind drake (Lair:2)
  A blink frog (Lair:2)
  A wraith (Lair:3)
  6 yaks
  A wyvern (Lair:4)
  2 basilisks
  Edmund (D:5)
  A warg (Lair:5)
  2 death yak simulacra (IceCv)
  An acid dragon (D:11)
  3 water moccasins
  5 hell hounds (Lair:5)
  An ice beast (D:6)
  2 black bears (Lair:5)
  An ogre (D:5)
  A centaur (D:8)
  A wolf (Lair:5)
  A bullfrog (Lair:1)
  A wight (D:7)
  A howler monkey (D:7)
  2 jellies (D:7)
  An iguana (D:6)
  2 orc wizards
  A river rat (D:6)
  A white imp (IceCv)
  2 orcs
  An endoplasm (D:7)
  4 kobolds (D:8)
  2 butterflies (Lair:2)
63 creatures vanquished.

Vanquished Creatures (others)
  3 knights
  6 ancestors
9 creatures vanquished.

Grand Total: 513 creatures vanquished

Notes
Turn   | Place    | Note
-------+----------+-------------------------------------------
     0 | D:5      | GordonOverkill the Vine Stalker Delver began the quest for
                  | the Orb.
     0 | D:5      | Reached XP level 1. HP: 11/11 MP: 2/2
    75 | D:6      | Noticed an ice beast
    95 | D:6      | Noticed a steam dragon
    98 | D:6      | Noticed a hound
   112 | D:6      | Killed a hound
   113 | D:6      | Reached skill level 3 in Unarmed Combat
   113 | D:6      | Reached XP level 2. HP: 13/16 MP: 3/3
   113 | D:6      | Reached XP level 3. HP: 16/20 MP: 4/4
   176 | D:5      | Identified the +5 hand crossbow "Piblaunn" {flame, rF+
                  | Str+3 Int+3}
   315 | D:5      | Noticed Edmund
   316 | D:5      | Noticed an ogre
   390 | D:4      | Noticed a scorpion
   419 | D:4      | Killed a scorpion
   420 | D:4      | Reached skill level 4 in Unarmed Combat
   420 | D:4      | Gained mutation: Your natural rate of healing is unusually
                  | fast. [Vine Stalker growth]
   420 | D:4      | Reached XP level 4. HP: 2/24 MP: 2/5
   420 | D:4      | HP: 1/24 [poisoned by a scorpion]
   425 | D:4      | HP: 1/24 [poisoned by a scorpion]
   664 | D:4      | Reached XP level 5. HP: 29/29 MP: 6/6
   664 | D:4      | Noticed a black bear
   678 | D:4      | Killed a black bear
   679 | D:4      | Reached skill level 1 in Shapeshifting
   679 | D:4      | Reached XP level 6. HP: 29/33 MP: 7/7
   805 | D:3      | Reached skill level 5 in Unarmed Combat
   908 | D:3      | Found a glowing drain.
   912 | Sewer    | Entered a sewer
  1296 | Sewer    | Reached XP level 7. HP: 33/38 MP: 8/8
  1972 | D:3      | Reached skill level 6 in Unarmed Combat
  2315 | D:2      | Found a faded altar of an unknown god.
  2998 | D:1      | Noticed a minotaur
  3000 | D:1      | Noticed a ghoul
  3000 | D:1      | Noticed an elf
  3004 | D:1      | Noticed a minotaur
  3006 | D:1      | Noticed a human
  3008 | D:1      | Noticed a vine stalker
  3008 | D:1      | Noticed an octopode
  3010 | D:1      | Noticed a troll
  3010 | D:1      | Noticed a spriggan
  3012 | D:1      | Noticed a naga
  3014 | D:1      | Noticed a draconian
  3014 | D:1      | Noticed a ghoul
  3016 | D:1      | Noticed a demonspawn
  3016 | D:1      | Noticed a gargoyle
  3018 | D:1      | Noticed a vampire
  3020 | D:1      | Noticed an armataur
  3020 | D:1      | Noticed a formicid
  3022 | D:1      | Noticed a merfolk
  3086 | D:2      | Found a shimmering altar of Xom.
  3930 | D:4      | Found a staircase to the Ecumenical Temple.
  3996 | D:4      | Reached skill level 1 in Shields
  4027 | Temple   | Entered the Ecumenical Temple
  4036 | Temple   | Became a worshipper of Hepliaklqana the Forgotten
  4819 | D:5      | Reached * piety under Hepliaklqana
  5072 | D:5      | Gained mutation: You have razor-sharp teeth. [Vine Stalker
                  | growth]
  5072 | D:5      | Reached XP level 8. HP: 30/37 MP: 9/9
  5110 | D:5      | Reached skill level 5 in Fighting
  5116 | D:5      | Reached skill level 1 in Invocations
  5154 | D:5      | Killed Edmund
  5189 | D:6      | Found Qag Tieg's Antique Armour Shop.
  5189 | D:6      | Found Zykiysorgh's General Store.
  5189 | D:6      | Found Miptar's General Store.
  5224 | D:6      | Reached skill level 7 in Unarmed Combat
  5386 | D:6      | Found Days's Tiny Tomes.
  5417 | D:6      | Noticed Grinder
  5470 | D:5      | Reached XP level 9. HP: 35/42 MP: 6/11
  5532 | D:6      | Killed Grinder
  5588 | D:6      | Found a white marble altar of Elyvilon.
  5862 | D:6      | Reached skill level 8 in Unarmed Combat
  6399 | D:6      | Found an iron altar of Okawaru.
  6399 | D:6      | Found a snail-covered altar of Cheibriados.
  6423 | D:7      | Reached ** piety under Hepliaklqana
  7062 | D:8      | Reached skill level 9 in Unarmed Combat
  7100 | D:8      | Reached XP level 10. HP: 46/47 MP: 13/13
  7372 | D:8      | Noticed a kobold demonologist
  7385 | D:8      | Killed a kobold demonologist
  7919 | D:9      | Reached skill level 5 in Shapeshifting
  8171 | D:9      | Reached *** piety under Hepliaklqana
  8221 | D:9      | Noticed a two-headed ogre
  8231 | D:9      | Killed a two-headed ogre
  8232 | D:9      | Reached skill level 5 in Shields
  8232 | D:9      | Reached skill level 10 in Unarmed Combat
  8440 | D:9      | Found a staircase to the Orcish Mines.
  8871 | D:6      | Bought a pitted plate armour for 672 gold pieces
  8871 | D:6      | Identified the +15 plate armour of the Blessed Realm {rElec
                  | Will- Regen+ Dex+4} (You bought it in a shop on level 6 of
                  | the Dungeon)
  8999 | D:10     | Entered Level 10 of the Dungeon
  9293 | D:10     | Noticed a two-headed ogre
  9303 | D:10     | Killed a two-headed ogre
  9304 | D:10     | Reached skill level 1 in Armour
  9304 | D:10     | Reached skill level 1 in Evocations
  9357 | D:10     | Reached XP level 11. HP: 52/52 MP: 14/14
  9625 | D:11     | Noticed a cyclops
  9633 | D:11     | Killed a cyclops
  9682 | D:11     | Noticed Fannar
  9698 | D:11     | Killed Fannar
  9699 | D:11     | Reached skill level 11 in Unarmed Combat
  9707 | D:11     | Found a burning altar of Makhleb.
  9714 | D:11     | Noticed a manticore
  9723 | D:11     | Killed a manticore
  9858 | D:11     | Noticed a two-headed ogre
  9868 | D:11     | Killed a two-headed ogre
  9963 | D:11     | Noticed a manticore
  9978 | D:11     | Killed a manticore
  9998 | D:11     | Found a staircase to the Lair.
 10104 | D:11     | Noticed Snorg
 10110 | D:11     | Killed Snorg
 10251 | D:11     | Found a runed translucent gate.
 10251 | D:11     | Found a runed translucent gate.
 10252 | D:11     | Found a runed translucent gate.
 10254 | D:11     | Noticed Loefaen's ghost (journeyman MfBe)
 10281 | Lair:1   | Entered Level 1 of the Lair of Beasts
 10294 | Lair:1   | Reached skill level 12 in Unarmed Combat
 10364 | Lair:1   | Noticed a boulder beetle
 10389 | Lair:1   | Killed a boulder beetle
 10413 | Lair:1   | Reached XP level 12. HP: 57/58 MP: 13/15
 10530 | Lair:1   | Reached **** piety under Hepliaklqana
 10606 | Lair:1   | Reached skill level 13 in Unarmed Combat
 10608 | Lair:1   | Remembered your ancestor Kleine Eule as a knight
 10890 | Lair:2   | Reached skill level 5 in Armour
 10963 | Lair:2   | Found a staircase to the Shoals.
 10975 | Lair:2   | Noticed a four-headed hydra
 10982 | Lair:2   | Killed a four-headed hydra
 11173 | Lair:2   | Reached skill level 14 in Unarmed Combat
 11493 | Lair:2   | Reached ***** piety under Hepliaklqana
 11783 | Lair:3   | Identified 4 scrolls of acquirement
 11783 | Lair:3   | Acquired 623 gold pieces
 11784 | Lair:3   | Acquired the ring "Ajuenaby" {Contam rF+ rCorr Dex+6
                  | Slay+3}
 11785 | Lair:3   | Acquired a manual of Shapeshifting
 11786 | Lair:3   | Acquired 802 gold pieces
 11846 | Lair:3   | Found a staircase to the Snake Pit.
 11882 | Lair:3   | Reached skill level 10 in Fighting
 12037 | Lair:3   | Identified the +5 ring mail of Integrity {rElec rF- Regen+
                  | Str+3}
 12076 | Lair:3   | Reached XP level 13. HP: 64/64 MP: 16/16
 12100 | Lair:3   | Identified the +1 robe of Boxearghi {rPois Str+3 Int+2
                  | Dex-4}
 12132 | Lair:3   | Reached skill level 15 in Unarmed Combat
 12442 | Lair:3   | Noticed Josephine
 12452 | Lair:3   | Killed Josephine
 12996 | Lair:4   | Reached skill level 10 in Shapeshifting
 13200 | Lair:4   | Noticed a minotaur
 13200 | Lair:4   | Noticed Uluorr's ghost (journeyman VSCj)
 13476 | Lair:4   | Found a runed translucent gate.
 13477 | Lair:4   | Found a runed translucent gate.
 13478 | Lair:4   | Found a runed translucent gate.
 13868 | Lair:5   | Entered Level 5 of the Lair of Beasts
 13909 | Lair:5   | Identified the +7 great mace of Tigumoib {vamp, Contam
                  | Str+2 Int+4 Dex+3}
 13958 | Lair:5   | Noticed blacky4's ghost (journeyman HOFi)
 13960 | Lair:5   | Found a transporter.
 14117 | Lair:5   | Reached XP level 14. HP: 69/69 MP: 15/17
 14151 | Lair:5   | Found a transporter.
 14798 | Lair:5   | Found a one-way gate to the infinite horrors of the Abyss.
 14866 | Lair:5   | Found a staircase to the Slime Pits.
 14868 | Lair:5   | Found a viscous altar of Jiyva.
 15069 | D:12     | Found a frozen archway.
 15122 | IceCv    | Entered an ice cave
 15485 | IceCv    | Noticed a reaper
 15496 | IceCv    | Slain by a reaper

Illustrated notes

Levels and vault maps discovered:
D:1:      kb_arrival_jail, layout_basic
D:2:      minmay_razor_zed, layout_basic, basic_altar,
          hellmonk_ecumenical_altar_leap_of_faith, minmay_hexomino_f4
D:3:      layout_rooms, gup_sewer_entry_spiral, grunt_ministairs_2,
          st_stairs_13, kennysheep_potato
D:4:      layout_basic, minmay_temple_entry_junction
D:5:      layout_loops_cross, minmay_liquid_box, uniq_edmund
D:6:      wad_woods_settlement, layout_rooms, elyvilon_altar_5,
          nicolae_overflow_hidden_temple, nicolae_shop_i_like_small_books_too,
          nicolae_shop_distant_corner_stores, minmay_misc_feat_x,
          corexii_item_surrounded_by_moat, small_statue_alley_b, uniq_grinder
D:7:      lemuel_slime, layout_basic
D:8:      layout_loops_ring
D:9:      layout_loops_corners, orc_0_dummy
D:10:     layout_rooms
D:11:     layout_basic, erik_lair_orcish_takeover, gammafunk_ghost_necromancy,
          bloody_makhleb, uniq_fannar, uniq_snorg
D:12:     layout_cave_pools, portal_ice_cave_entry_ice_simulacra, st_stairs_6,
          nicolae_concentric_dashed_squares_wild
Temple:   hellmonk_temple_of_storms
Lair:1:   layout_big_grid
Lair:2:   layout_cave_pods, minmay_shoals_entry_beasts, serial_bayou_shore_b,
          lemuel_fruit_fields
Lair:3:   layout_cave_pods, dummy_snake_entry, uniq_josephine
Lair:4:   layout_roguey, maelrawn_ghost_gauntlet_escape,
          cheibrodos_lair_reptile_den, lemuel_fruit_tree
Lair:5:   hangedman_lair_caniforms_friends, layout_regular_city,
          dpeg_slime_entry_corner, gammafunk_ghost_abyssal_escape
IceCv:    ice_cave_small_demon

Skill      XL: |  1  2  3  4  5  6  7  8  9 10 11 12 13 14 |
---------------+-------------------------------------------+-----
Fighting       | 3 4 5 6 7 8 10 | 10.3
Unarmed Combat | 3 4 5 6 7 9 10 12 14 15 | 15.2
Shapeshifting  | 1 2 3 4 5 12 14 | 14.5
Shields        | 1 2 4 5 6 |  6.0
Invocations    | 2 3 |  3.0
Armour         | 1 4 5 |  5.0
Evocations     | 1 3 |  3.0
Dodging        | |  1.5
Stealth        | |  6.0

Action                     |  1- 3 |  4- 6 |  7- 9 | 10-12 | 13-15 || total
---------------------------+-------+-------+-------+-------+-------++-------
  Melee: Unarmed           |    32 |   187 |   372 |   452 |   601 ||  1644
         Bite              |    10 |    32 |   111 |   173 |   277 ||   603
         Punch             |     1 |     4 |     1 |       |       ||     6
  Throw: Boomerang         |       |       |     2 |     5 |       ||     7
 Invoke: Recall Ancestor   |       |       |     4 |       |     1 ||     5
         Ancestor Identity |       |       |     1 |       |       ||     1
         Ancestor Life: Kn |       |       |       |     1 |       ||     1
         Idealise          |       |       |       |       |     2 ||     2
  Evoke: Wand              |       |       |       |    13 |     3 ||    16
    Use: Potion            |     1 |     2 |       |       |       ||     3
         Scroll            |     1 |     1 |     9 |     4 |     2 ||    17
   Stab: Sleeping          |     1 |       |       |       |       ||     1
         Distracted        |       |       |     3 |     4 |     7 ||    14
         Invisible         |       |       |       |    10 |     4 ||    14
 Armour: Plate armour      |     2 |    89 |   160 |   202 |   379 ||   832
  Dodge: Dodged            |    11 |    30 |   108 |   188 |   275 ||   612
  Block: Other             |     2 |    29 |     9 |       |       ||    40
         Reflection        |       |     2 |       |       |       ||     2
         Buckler           |       |       |    57 |   121 |   221 ||   399
   Form: Beast             |       |     1 |       |       |       ||     1
                           |       |       |       |     1 |     1 ||     2
         Blade             |       |       |       |       |     1 ||     1

Table legend: (Time is in decaauts)
 A = Elapsed time spent in this place.
 B = Non-inter-level travel time spent in this place.
 C = Inter-level travel time spent in this place.
 D = Time resting spent in this place.
 E = Time spent auto-exploring this place.
 F = Levels seen in this place.
 G = Mean time per level.
                   A        B        C        D        E       F      G
               +--------+--------+--------+--------+--------+-----+--------+
         Total |  15439 |  14328 |   1111 |   1253 |   8863 |  20 |  772.0 |
       Dungeon |   9532 |   8630 |    902 |    812 |   5287 |  12 |  794.3 |
        Temple |     18 |     10 |      8 |      0 |      0 |   1 |   18.0 |
          Lair |   4605 |   4406 |    199 |    270 |   2976 |   5 |  921.0 |
         Sewer |    929 |    929 |      0 |     34 |    559 |   1 |  929.0 |
      Ice Cave |    353 |    353 |      0 |    137 |     40 |   1 |  353.0 |
               +--------+--------+--------+--------+--------+-----+--------+

Top non-repeatable levels by time:
     D:4: 1224 daAuts
  Lair:3: 1153 daAuts
     D:9: 1063 daAuts
     D:8: 1028 daAuts
  Lair:5: 1025 daAuts
     D:2: 1014 daAuts
     D:6: 986 daAuts
  Lair:2: 965 daAuts
   Sewer: 929 daAuts
  Lair:4: 926 daAuts
     D:5: 886 daAuts
     D:1: 697 daAuts
     D:7: 676 daAuts
    D:11: 654 daAuts
     D:3: 653 daAuts
